 Dungeon Sprint DCSS version 0.30.1-4-g462c640d31 (webtiles) character file.

Game seed: 6863819686432388778

492 Heoruswealwe the Covered (level 6, 0/90 HPs)
             Began as a Demigod Fighter on Aug 16, 2023.
             Slain by a centaur warrior (4 damage)
             ... in the Dungeon (Sprint I: "Red Sonja").
             The game lasted 00:02:27 (121 turns).

Heoruswealwe the Covered (Demigod Fighter)           Turns: 121, Time: 00:02:28

Health: 0/90       AC:  0    Str: 25    XL:     6   Next: 59%
Magic:  8/8        EV:  9    Int: 10    God:
Gold:   304        SH:  6    Dex: 13    Spells: 5/5 levels left

rFire   . . .        a - +0 flail
rCold   . . .        d - +0 buckler
rNeg    . . .        c - +0 scale mail
rPois   .            (no helmet)
rElec   .            (no cloak)
rCorr   .            (no gloves)
SInv    .            (no boots)
Will    .....        (no amulet) Stlth
                     (no ring)
HPRegen 0.35/turn    (no ring)
MPRegen 0.11/turn

%: no teleportation
@: berserking, corroded, very quick
A: high MP 1, forlorn, divine attributes
a: no special abilities


You were in the Dungeon.
You visited 1 branch You collected 304 gold pieces.

Inventory:

Hand Weapons
 a - a +0 flail (weapon)
Armour
 c - a +0 scale mail (worn)
 d - a +0 buckler (worn)
Wands
 b - a wand of digging (7)
Scrolls
 j - a scroll of blinking
Potions
 h - 2 potions of magic


   Skills:
 + Level 7.3 Fighting
 + Level 7.0 Maces & Flails
 + Level 7.3 Armour
 + Level 7.3 Shields


You had 5 spell levels left.
You didn't know any spells.
Your spell library was empty.

Dungeon Overview and Level Annotations

Branches:
Dungeon (1/1)


Innate Abilities, Weirdness & Mutations

You have an increased reservoir of magic. (+10% MP)
You shall have no god before yourself.
Your divine heritage dramatically boosts your attributes as you level up.


Message History

You now have 288 gold pieces (gained 18).
You now have 304 gold pieces (gained 16).
You open the door.
A centaur warrior comes into view.
The centaur warrior shouts!
You hear a shout!
A centaur warrior comes into view.
Found a coppery potion and a notched garnet ring.
The centaur warrior wields a +0 longbow.
The centaur warrior shoots an arrow.
The arrow closely misses you.
The centaur warrior unwields a +0 longbow.
The centaur warrior barely misses you. You block the centaur warrior's attack.
You hit the centaur warrior but do no damage.
The centaur warrior hits you. The centaur warrior closely misses you.
The centaur warrior hits you. The centaur warrior kicks you.
You hit the centaur warrior but do no damage.
The centaur warrior hits you! You block the centaur warrior's attack.
You hit the centaur warrior but do no damage.
The centaur warrior hits you! The centaur warrior kicks you.
The centaur warrior wields a +0 shortbow.
The centaur warrior shoots an arrow.
The arrow barely misses you.
A red film seems to cover your vision as you go berserk!
You feel yourself moving faster!
You feel mighty! The centaur warrior closely misses you.
The centaur warrior kicks you.
You hit the centaur warrior.
The centaur warrior is lightly wounded.
The centaur warrior hits you!
* * * LOW HITPOINT WARNING * * *
The centaur warrior barely misses you.
The centaur warrior unwields a +0 shortbow.
You block the centaur warrior's attack. x2
You thump the centaur warrior!
The centaur warrior is moderately wounded.
The centaur warrior hits you.
* * * LOW HITPOINT WARNING * * *
The centaur warrior kicks you.
* * * LOW HITPOINT WARNING * * *
The centaur warrior hits you!
* * * LOW HITPOINT WARNING * * *
The centaur warrior kicks you.
You die...

######################
#<.#..').#.)'..#__#..+
#..').#..'..#..'..'..#
#..#####'#####'#__####
#..# #..# #.####!=#
#..# #### ##@#~~§§
#..# #_cc~§§§ #⌠⌠#
+..._#~§~§§# ####
#_.#+##+#### ##+


You could see 2 centaur warriors.

Vanquished Creatures
  A slime creature (D)
  Sigmund (D)
  An ogre (D)
  A jelly (D)
  Ijyb (D)
5 creatures vanquished.

Notes
Turn   | Place    | Note
-------+----------+-------------------------------------------
     0 | D        | Heoruswealwe the Demigod Fighter began the quest for the
                  | Orb.
     0 | D        | Reached XP level 1. HP: 18/18 MP: 3/3
     3 | D        | Noticed Ijyb
    13 | D        | Killed Ijyb
    14 | D        | Reached XP level 2. HP: 22/27 MP: 4/4
    17 | D        | Noticed an ogre
    20 | D        | Killed an ogre
    21 | D        | Reached skill level 5 in Fighting
    21 | D        | Reached skill level 5 in Armour
    21 | D        | Reached skill level 5 in Shields
    21 | D        | Reached XP level 3. HP: 13/36 MP: 5/5
    21 | D        | Reached XP level 4. HP: 16/42 MP: 6/6
    26 | D        | Noticed Sigmund
    29 | D        | Killed Sigmund
    30 | D        | Reached XP level 5. HP: 43/51 MP: 7/7
    38 | D        | Noticed a slime creature
    46 | D        | Killed a slime creature
    47 | D        | Reached XP level 6. HP: 51/60 MP: 8/8
   111 | D        | Noticed a centaur warrior
   111 | D        | Noticed a centaur warrior
   121 | D        | HP: 4/90 [centaur warrior (9)]
   121 | D        | Slain by a centaur warrior

Illustrated notes

Levels and vault maps discovered:
D:        dungeon_sprint_1 [red_sonja_temple_1, red_sonja_temple_small_1]

Skill      XL: |  1  2  3  4  5  6 |
---------------+-------------------+-----
Fighting       | 3 5 6 7 |  7.3
Maces & Flails | 3 4 6 7 |  7.0
Armour         | 3 5 6 7 |  7.3
Shields        | 3 5 6 7 |  7.3

Action                     |  1- 3 |  4- 6 || total
---------------------------+-------+-------++-------
  Melee: Flail             |    11 |    17 ||    28
    Use: Potion            |     2 |     3 ||     5
 Armour: Scale mail        |     2 |     4 ||     6
  Dodge: Dodged            |     2 |     8 ||    10
  Block: Buckler           |     1 |     5 ||     6
